 Dungeon Sprint DCSS version 0.29-a0-512-gf59ac788ac (webtiles) character file.

Game seed: 3441504901637456235

87 mhtbhm the Insei (level 4, -10/32 HPs)
             Began as a Merfolk Transmuter on May 30, 2022.
             Killed from afar by an oklob sapling (39 damage)
             ... with a splash of acid
             ... in the Dungeon (Sprint IV: "Fedhas' Mad Dash").
             The game lasted 00:00:47 (712 turns).

mhtbhm the Insei (Merfolk Transmuter)                Turns: 712, Time: 00:00:47

Health: -10/32     AC:  2    Str: 10    XL:     4   Next: 51%
Magic:  2/10       EV: 13    Int: 14    God:
Gold:   12         SH:  0    Dex: 14    Spells: 8/11 levels left

rFire   . . .      SeeInvis .     - Unarmed
rCold   . . .      Faith    .   (no shield)
rNeg    . . .      Spirit   .   a - +0 robe
rPois   .          Reflect  .   (helmet currently unavailable)
rElec   .          Harm     .   (no cloak)
rCorr   .          Rampage  .   (no gloves)
Will    .....      NoTele   +   (boots currently unavailable)
Stlth   ++........              (no amulet)
HPRegen 0.10/turn               (no ring)
MPRegen 0.12/turn               (no ring)

@: appendages (expiring), wereblooded (expiring)
A: horns 2, (nimble swimmer 2), mertail
a: End Transformation


You were in the Dungeon.
You had temporarily grown beastly horns.
You visited 1 branch You collected 12 gold pieces.

Inventory:

Armour
 a - a +0 robe (worn)
Jewellery
 j - the amulet of invisibility {+Inv}
   (You found it in the Dungeon)

   [amulet of nothing]

   +Inv:      It lets you turn invisible.
Scrolls
 h - a scroll of blinking
 i - a scroll of amnesia {unknown}
Potions
 b - a potion of lignification
 c - a potion of curing
 d - a potion of heal wounds
 e - a potion of haste
 f - 2 potions of magic
 g - a potion of berserk rage


   Skills:
 + Level 1.1 Fighting
 + Level 4.4 Dodging
 + Level 1.0 Stealth
 + Level 7.2 Unarmed Combat
 + Level 4.2 Spellcasting
 + Level 5.1 Transmutations


You had 8 spell levels left.
You knew the following spells:

 Your Spells              Type           Power      Damage    Failure   Level
a - Beastly Appendage     Tmut           34%        N/A       2%          1
b - Wereblood             Tmut           17%        N/A       3%          2

Your spell library contained the following spells:

 Spells                   Type           Power      Damage    Failure   Level
 Spider Form              Tmut/Pois      10%        N/A       21%         3
 Ice Form                 Ice/Tmut       10%        N/A       54%         4


Dungeon Overview and Level Annotations

Branches:
Dungeon (1/1)

Altars:

Annotations:
D exclusion: oklob sapling


Innate Abilities, Weirdness & Mutations

You have temporarily grown beastly horns.
((You are very nimble when in or above water. (Stealth+, EV+, Speed+++)))
Your lower body shifts to a powerful aquatic tail in water.


Message History

Your experience leads to an increase in your attributes!
Increase (S)trength, (I)ntelligence, or (D)exterity?
You feel clever. x2
Unknown command.
Casting: Beastly Appendage (safe; 3% risk of failure)
Confirm with . or Enter, or press ? or * to list all spells.
You extend your transformation's duration.
Your magical contamination has completely faded away.
Found 16 gold pieces.
A scorpion comes into view.
Found the amulet of invisibility {+Inv}.
You howl as the wereblood boils in your veins!
You see here 14 gold pieces.
You hit the scorpion.
The scorpion is heavily wounded.
The scorpion stings you.
You punch the scorpion!
You feel a bit better.
You kill the scorpion!
Your Dodging skill increases to level 4!
Your Stealth skill increases to level 1!
Your Unarmed Combat skill gained 2 levels and is now at level 7!
Your Spellcasting skill increases to level 4!
Your Transmutations skill increases to level 5!
You have reached level 4!
You now have 12 gold pieces.
You see here a scorpion corpse.
j - the amulet of invisibility {+Inv} You howl as the wereblood boils in your veins!
Your transformation is almost over.
Your primal bloodlust is almost over.
Okay, then.
You open the door.
An oklob sapling comes into view.
Marking area around an oklob sapling as unsafe for travelling.
Found 14 gold pieces.
Found 10 gold pieces.
There is an open door here.
The oklob sapling spits acid at you. The splash of acid hits you!!!
Ouch! That really hurt!
You die...

##################
#<..P#.....#.$$$$#
#PP..'.....'.#†$.+
#PPPP#.....#.#...#
###############'##
+.@.# #$P$# #####


You could see an oklob sapling.

Vanquished Creatures
  A scorpion (D)
  An oklob sapling (D)
  A river rat (D)
  A rat (D)
4 creatures vanquished.

Notes
Turn   | Place    | Note
-------+----------+-------------------------------------------
     0 | D        | mhtbhm the Merfolk Transmuter began the quest for the Orb.
     0 | D        | Reached XP level 1. HP: 15/15 MP: 3/3
    19 | D        | Reached skill level 4 in Unarmed Combat
    19 | D        | Reached XP level 2. HP: 18/21 MP: 3/5
    67 | D        | Learned a level 2 spell: Wereblood
    93 | D        | Noticed an oklob sapling
   700 | D        | Killed an oklob sapling
   701 | D        | Reached skill level 5 in Unarmed Combat
   701 | D        | Reached XP level 3. HP: 26/26 MP: 1/7
   703 | D        | Noticed a scorpion
   703 | D        | Found the amulet of invisibility {+Inv}
   705 | D        | Killed a scorpion
   706 | D        | Reached skill level 1 in Stealth
   706 | D        | Reached skill level 7 in Unarmed Combat
   706 | D        | Reached skill level 5 in Transmutations
   706 | D        | Reached XP level 4. HP: 28/32 MP: 1/10
   712 | D        | Killed from afar by an oklob sapling

Illustrated notes

Levels and vault maps discovered:
D:        dungeon_sprint_fedhas [sprint_temple]

Skill      XL: |  1  2  3 |
---------------+----------+-----
Dodging        | 3 4 |  4.4
Unarmed Combat | 4 5 7 |  7.2
Transmutations | 3 4 5 |  5.1
Spellcasting   | 3 4 |  4.2
Stealth        | 1 |  1.0
Fighting       | |  1.1

Action                   |  1- 3 |  4- 6 || total
-------------------------+-------+-------++-------
Melee: Unarmed           |    15 |       ||    15
       Headbutt          |     4 |       ||     4
       Punch             |     1 |       ||     1
 Cast: Beastly Appendage |     5 |       ||     5
       Wereblood         |     3 |       ||     3
Armor: Robe              |     1 |       ||     1
Dodge: Dodged            |     6 |       ||     6

Table legend: (Time is in decaauts)
 A = Elapsed time spent in this place.
 B = Non-inter-level travel time spent in this place.
 C = Inter-level travel time spent in this place.
 D = Time resting spent in this place.
 E = Time spent auto-exploring this place.
 F = Levels seen in this place.
 G = Mean time per level.
                   A        B        C        D        E       F      G
               +--------+--------+--------+--------+--------+-----+--------+
         Total |    710 |    710 |      0 |    652 |      0 |   1 |  710.0 |
       Dungeon |    710 |    710 |      0 |    652 |      0 |   1 |  710.0 |
               +--------+--------+--------+--------+--------+-----+--------+

Top non-repeatable levels by time:
       D: 710 daAuts
